 Dungeon Crawl Stone Soup version 0.23.2-1-ga50397a (webtiles) character file.

Game seed: 15508405614258463343

8889 Kairos the Grappler (level 11, -5/91 HPs)
             Began as a Ghoul Warper on Apr 23, 2019.
             Was an Elder of Okawaru.
             Slain by a yak (9 damage)
             ... on level 11 of the Dungeon.
             The game lasted 00:21:46 (9122 turns).

Kairos the Grappler (Ghoul Warper)                  Turns: 9122, Time: 00:21:47

Health: -5/91      AC: 16    Str: 19    XL:     11   Next: 37%
Magic:  13/13      EV: 11    Int: 13    God:    Okawaru [****..]
Gold:   555        SH:  4    Dex:  8    Spells: 12/14 levels left

rFire    . . .     SeeInvis .   G - +8 demon blade "Bloodbane" {slice, *Rage +Rage Stlth-}
rCold    + . .     Gourm    .   m - +0 buckler
rNeg     + + +     Faith    .   M - +0 scale mail (curse)
rPois    ∞         Spirit   .   (no helmet)
rElec    .         Reflect  .   e - +2 cloak
rCorr    .         Harm     .   (no gloves)
MR       .....                  k - +0 pair of boots
Stlth    ..........             j - amulet of magic regeneration
HPRegen  0.00/turn              R - +5 ring of intelligence
MPRegen  0.38/turn              a - +4 ring of protection

@: rotting
A: rotting body, claws 1, carnivore, cold resistance 1, negative energy
resistance 3, inhibited regeneration, torment resistance, unbreathing
a: Heroism, Renounce Religion


You were on level 11 of the Dungeon.
You worshipped Okawaru.
Okawaru was greatly pleased with you.
You were not hungry.

You visited 2 branches of the dungeon, and saw 12 of its levels.
You also visited: Sewer.

You collected 793 gold pieces.
You spent 238 gold pieces at shops.

Inventory:

Hand Weapons
 t - a +0 dagger of venom
 w - a +0 whip of electrocution
 x - a +0 whip of venom
 B - a +0 hand crossbow
 G - the +8 demon blade "Bloodbane" (weapon) {slice, *Rage +Rage Stlth-}
   (You found it on level 5 of the Dungeon)

   It inflicts extra damage upon your enemies.
   It lets you go berserk.
   It may make you go berserk in combat.
   It makes you less stealthy.
 L - a +4 mace
 W - the +4 trident of Urgency {drain, rN+ MR+ Dex+5}
   (You bought it in a shop on level 8 of the Dungeon)

   A truly terrible weapon, it drains the life of those it strikes.
   It affects your dexterity (+5).
   It protects you from negative energy.
   It affects your resistance to hostile enchantments.
Missiles
 d - 4 tomahawks of dispersal (quivered)
 p - 8 throwing nets
 C - 57 bolts
 J - 4 poisoned tomahawks
 Q - 6 steel javelins
 T - 9 tomahawks
 Z - 6 tomahawks of returning
Armour
 e - a +2 cloak (worn)
 k - a +0 pair of boots (worn)
 m - a +0 buckler (worn)
 M - a cursed +0 scale mail (worn)
Jewellery
 a - a +4 ring of protection (right claw)
 h - an uncursed ring of teleportation
 j - an amulet of magic regeneration (around neck)
 u - an uncursed ring of magical power
 R - a +5 ring of intelligence (left claw)
Wands
 i - a wand of digging (6)
 H - a wand of scattershot (8)
 O - a wand of disintegration (40)
 Y - a wand of clouds (6)
Scrolls
 c - 3 scrolls of blinking
 s - a scroll of acquirement {unknown}
 v - 2 scrolls of enchant armour {unknown}
 y - 2 scrolls of immolation {unknown}
 D - 5 scrolls of identify
 E - 4 scrolls of teleportation {unknown}
 I - 2 scrolls of fear {unknown}
 N - a scroll of holy word {unknown}
 P - 2 scrolls of remove curse
 V - 2 scrolls of vulnerability {unknown}
 X - a scroll of noise {unknown}
Potions
 b - 3 potions of ambrosia
 g - 8 potions of flight
 l - a potion of haste {unknown}
 n - 3 potions of agility {unknown}
 o - 4 potions of heal wounds
 q - 10 potions of curing
 r - a potion of invisibility {unknown}
 z - a potion of might {unknown}
 A - 3 potions of brilliance {unknown}
 F - 2 potions of berserk rage {unknown}
 K - 2 potions of lignification {unknown}
 S - a potion of cancellation {unknown}
 U - a potion of resistance {unknown}
Comestibles
 f - 28 rations


   Skills:
 + Level 6.8 Fighting
 + Level 7.9 Long Blades
 + Level 1.0 Throwing
 + Level 6.1 Armour
 + Level 5.0 Dodging
 + Level 1.7 Stealth
 + Level 2.7 Shields
 + Level 11.3 Unarmed Combat
 + Level 2.1 Spellcasting
 + Level 2.7 Translocations


You had 12 spell levels left.
You knew the following spells:

 Your Spells              Type           Power        Failure   Level  Hunger
a - Blink                 Tloc           N/A          36%         2    ###....

Your spell library contained the following spells:

 Spells                   Type           Power        Failure   Level  Hunger
 Apportation              Tloc           #.....       26%         1    ##.....
 Shroud of Golubria       Chrm/Tloc      #.........   56%         2    ###....
 Gell's Gravitas          Tloc           #.........   61%         3    ####...
 Lesser Beckoning         Tloc           #.........   61%         3    ####...
 Teleport Other           Tloc           #.......     61%         3    ####...
 Animate Skeleton         Necr           N/A          63%         1    ##.....
 Confusing Touch          Hex            #.....       63%         1    ##.....
 Corona                   Hex            #......      63%         1    ##.....
 Summon Small Mammal      Summ           #...         63%         1    ##.....
 Slow                     Hex            #.......     77%         2    ###....
 Portal Projectile        Hex/Tloc       #.....       80%         3    ####...
 Inner Flame              Hex/Fire       #.......     94%         3    ####...
 Passage of Golubria      Tloc           N/A          95%         4    #####..
 Cause Fear               Hex            #.........   100%        4    #####..
 Leda's Liquefaction      Hex/Erth       #.........   100%        4    #####..


Dungeon Overview and Level Annotations

Branches:
Dungeon (11/15)            Temple (1/1) D:7            Lair (0/6) D:11
    Orc (0/2) D:10

Altars:
Ashenzari
Cheibriados
Dithmenos
Elyvilon
Fedhas
Gozag
Hepliaklqana
Kikubaaqudgha
Makhleb
Nemelex Xobeh
Okawaru
Qazlal
Ru
Sif Muna
Trog
Uskayaw
Vehumet
Wu Jian
Xom
Yredelemnul
Zin
The Shining One

Shops:
D:8 *}(}:


Innate Abilities, Weirdness & Mutations

Your body is rotting away.
You thrive on raw meat.
You are immune to poison.
You have sharp fingernails.
You are carnivorous and can eat meat at any time.
Your flesh is cold resistant. (rC+)
You are immune to negative energy. (rN+++)
You do not regenerate when monsters are visible.
You are immune to unholy pain and torment.
You can survive without breathing.


Message History

The yak gores you.
* * * LOW HITPOINT WARNING * * *
You slash the yak!
You kill the yak!
Okawaru accepts your kill.
You slice the yak!!
The yak is heavily wounded.
The yak gores you!
* * * LOW HITPOINT WARNING * * *
You hit the yak.
The yak is heavily wounded.
The yak gores you but does no damage.
A large slime creature splits.
You barely miss the yak.
The yak is heavily wounded.
The yak closely misses you.
You riposte.
You hit the yak.
The yak is severely wounded.
You barely miss the yak.
The yak is severely wounded.
The yak gores you!
You die...

###########.....##
#......# #......## #.
#.......#
#..###########.).....#
#........J.Y...........
.......YJ..J...........
######Y############..#
#@# ..# #.# .# #.# #.#
###########.########
....................
...................
.................##
...............^.#


You could see 2 slime creatures and 2 yaks.

Vanquished Creatures
  Harold (D:9)
  Pikel (D:4)
  An ugly thing (D:11)
  2 kobold demonologists
  A hippogriff (D:7)
  3 yaks (D:11)
  A steam dragon (D:8)
  A water moccasin (D:9)
  8 orc warriors
  2 sky beasts
  2 slaves (D:4)
  2 black bears
  3 ice beasts
  2 necrophages
  10 ogres
  4 phantoms
  3 centaurs
  6 big kobolds
  6 bullfrogs
  A wyvern skeleton (D:11)
  A scorpion (D:4)
  3 killer bees (D:9)
  8 wights
  2 howler monkeys
  5 crimson imps
  A bullfrog zombie (D:8)
  2 bullfrog skeletons
  3 jellies
  5 hounds
  4 orc priests
  11 orc wizards
  3 iguanas
  Ijyb (D:5)
  Natasha (thrice) (D:4)
  8 worker ants
  A killer bee zombie (D:10)
  A hound skeleton (D:6)
  A howler monkey zombie (D:8)
  2 worker ant zombies
  A gnoll (D:3)
  10 adders
  A shadow imp (D:5)
  2 oozes (Sewer)
  2 worms
  An adder skeleton (D:8)
  3 leopard geckos
  49 orcs
  8 ball pythons
  9 giant cockroaches
  5 goblins
  9 hobgoblins
  7 jackals
  26 kobolds
  6 quokkas
  5 bats
  3 frilled lizards
  A giant cockroach zombie (D:6)
  A jackal zombie (D:7)
  A leopard gecko zombie (D:5)
  9 rats
284 creatures vanquished.

Notes
Turn   | Place    | Note
-------+----------+-------------------------------------------
     0 | D:1      | Kairos the Ghoul Warper began the quest for the Orb.
     0 | D:1      | Reached XP level 1. HP: 17/17 MP: 2/2
    39 | D:1      | Reached XP level 2. HP: 12/25 MP: 3/3
   356 | D:1      | Reached skill level 1 in Armour
   363 | D:1      | Reached skill level 1 in Throwing
   398 | D:1      | Reached XP level 3. HP: 30/30 MP: 4/4
   771 | D:2      | Learned a level 2 spell: Blink
   836 | D:2      | You fall through a shaft!
  1090 | D:2      | Reached skill level 3 in Unarmed Combat
  1310 | D:3      | Reached XP level 4. HP: 18/33 MP: 6/6
  1663 | D:3      | Reached XP level 5. HP: 33/41 MP: 7/7
  1683 | D:3      | Reached skill level 4 in Unarmed Combat
  2043 | D:4      | Reached XP level 6. HP: 40/50 MP: 8/8
  2068 | D:4      | Found a glowing drain.
  2095 | Sewer    | Entered a sewer
  2271 | Sewer    | Reached skill level 5 in Unarmed Combat
  2290 | Sewer    | Reached skill level 1 in Shields
  2293 | Sewer    | Reached XP level 7. HP: 49/57 MP: 9/9
  2459 | Sewer    | Reached skill level 6 in Unarmed Combat
  2600 | D:4      | Noticed Natasha
  2606 | D:4      | Killed Natasha
  2633 | D:4      | Found a white marble altar of Elyvilon.
  2721 | D:4      | Noticed Natasha
  2727 | D:4      | Killed Natasha
  2738 | D:4      | Noticed Natasha
  2748 | D:4      | Killed Natasha
  2923 | D:4      | Noticed Pikel
  2955 | D:4      | Killed Pikel
  2955 | D:4      | Reached skill level 8 in Unarmed Combat
  2955 | D:4      | Reached XP level 8. HP: 12/65 MP: 10/10
  3135 | D:5      | Entered Level 5 of the Dungeon
  3602 | D:5      | Found the +8 demon blade "Bloodbane" {slice, *Rage +Rage
                  | Stlth-}
  3670 | D:5      | Noticed Ijyb
  3683 | D:5      | Killed Ijyb
  3683 | D:5      | Reached XP level 9. HP: 71/71 MP: 11/11
  4027 | D:5      | Reached skill level 9 in Unarmed Combat
  4273 | D:6      | Reached skill level 1 in Stealth
  4762 | D:7      | Reached skill level 1 in Long Blades
  4885 | D:7      | Found a staircase to the Ecumenical Temple.
  4908 | Temple   | Entered the Ecumenical Temple
  5024 | Temple   | Became a worshipper of Warmaster Okawaru
  5043 | D:7      | Reached skill level 10 in Unarmed Combat
  5283 | D:7      | Found a sparkling altar of Nemelex Xobeh.
  5430 | D:7      | Reached * piety under Okawaru
  5714 | D:8      | Found Hipp's Assorted Antiques.
  5741 | D:8      | Reached skill level 5 in Armour
  5773 | D:8      | Found Wutiby's Gadget Emporium.
  5779 | D:8      | Reached XP level 10. HP: 52/79 MP: 12/12
  5785 | D:8      | Found Ixithic's Gadget Shop.
  5811 | D:8      | Reached skill level 5 in Fighting
  5939 | D:8      | Reached ** piety under Okawaru
  6505 | D:8      | Found Tulokell's Antique Weapon Shoppe.
  6650 | D:8      | Found Reuq's Book Shop.
  6730 | D:8      | Bought a translucent trident for 238 gold pieces
  6730 | D:8      | Identified the +4 trident of Urgency {drain, rN+ MR+ Dex+5}
                  | (You bought it in a shop on level 8 of the Dungeon)
  7208 | D:9      | Noticed Harold
  7229 | D:9      | Killed Harold
  7229 | D:9      | Reached skill level 5 in Long Blades
  7229 | D:9      | Reached skill level 11 in Unarmed Combat
  7637 | D:10     | Entered Level 10 of the Dungeon
  7713 | D:10     | Reached *** piety under Okawaru
  7927 | D:10     | Reached XP level 11. HP: 79/89 MP: 13/13
  8109 | D:10     | Reached **** piety under Okawaru
  8158 | D:10     | Found a staircase to the Orcish Mines.
  8341 | D:10     | Received a gift from Okawaru
  8801 | D:11     | Found a staircase to the Lair.
  8828 | D:11     | Noticed a purple ugly thing
  8838 | D:11     | Reached skill level 5 in Dodging
  8843 | D:11     | Killed a purple ugly thing
  9119 | D:11     | HP: 4/91 [yak (11)]
  9122 | D:11     | Slain by a yak

Skill      XL: |  1  2  3  4  5  6  7  8  9 10 11 |
---------------+----------------------------------+-----
Dodging        | 2 3 4 5 |  5.0
Armour         | 1 2 3 4 5 6 |  6.1
Throwing       | 1 |  1.0
Spellcasting   | 2 |  2.1
Unarmed Combat | 3 4 5 8 10 11 | 11.3
Fighting       | 3 4 6 |  6.8
Shields        | 1 2 |  2.7
Stealth        | 1 |  1.7
Long Blades    | 3 6 7 |  7.9
Translocations | |  2.7

Action                   |  1- 3 |  4- 6 |  7- 9 | 10-12 || total
-------------------------+-------+-------+-------+-------++-------
Melee: Unarmed           |   115 |   194 |   255 |       ||   564
       Demon blade       |       |       |   101 |   359 ||   460
Throw: Tomahawk          |       |       |       |     1 ||     1
  Use: Scroll            |     4 |     1 |     1 |       ||     6
       Potion            |       |     1 |       |       ||     1
  Eat: Chunk             |     5 |    11 |    28 |    33 ||    77
       Ration            |       |     1 |       |       ||     1
Armor: Leather armour    |     2 |       |       |       ||     2
       Ring mail         |    42 |   103 |    92 |       ||   237
       Scale mail        |       |       |    39 |   169 ||   208
Dodge: Dodged            |    49 |   111 |   175 |   205 ||   540
Block: Buckler           |     1 |    26 |    46 |    73 ||   146
       Rpst.: Demon blade |       |       |    20 |    57 ||    77
